 Dungeon Crawl Stone Soup version 0.31-a0-233-g139696dc86 (webtiles) character file.

Game seed: 5944920031709076333

113 Shard1697 the Insei (level 5, -1/37 HPs)
             Began as a Djinni Transmuter on July 8, 2023.
             Slain by an orc wizard
             ... wielding a +0 dagger
              (3 damage)
             ... on level 3 of the Dungeon.
             The game lasted 00:04:47 (1948 turns).

Shard1697 the Insei (Djinni Transmuter)             Turns: 1948, Time: 00:04:47

Health: -1/37      AC:  2    Str:  9    XL:     5   Next: 17%
Gold:   105        EV: 12    Int: 16    God:
                   SH:  0    Dex: 14

rFire   + +          .
                       - Unarmed
rCold   x . .        (no shield)
rNeg    . . .        a - +0 robe
rPois   ∞            (helmet currently unavailable)
rElec   .            (no cloak)
rCorr   .            (no gloves)
SInv    .            (boots unavailable)
Will    .....        (no amulet)
Stlth   +            (no ring)
HPRegen 0.26/turn    (no ring)
MPRegen 0.00/turn

%: infuse magic (-2 HP)
@: appendages (expiring), flying, hasted, very quick
A: horns 2, flying, sickness immunity, fire resistance 2, cold vulnerability 1,
float, innate caster, HP casting, extra vitality 1
a: End Transformation


You were on level 3 of the Dungeon.
You had temporarily grown beastly horns.
You visited 1 branch of the dungeon, and saw 3 of its levels.

You collected 105 gold pieces.

Inventory:

Armour
 a - a +0 robe (worn)
Scrolls
 c - 2 scrolls of identify
 d - a scroll of fog {unknown}
 e - a scroll of brand weapon {unknown}
 f - 2 scrolls of noise {unknown}
 g - 2 scrolls of teleportation {unknown}
 h - 2 scrolls of fear {unknown}
 i - a scroll of enchant armour {unknown}
 k - a scroll of amnesia {unknown}
 l - a scroll of immolation {unknown}
 m - a scroll of acquirement {unknown}
 n - a scroll of poison {unknown}
Potions
 b - a potion of lignification
 j - 3 potions of brilliance
 p - a potion of attraction {unknown}


   Skills:
 - Level 1.0 Fighting
 - Level 2.1 Dodging
 + Level 4.4 Unarmed Combat
 + Level 3.2 Spellcasting
 + Level 3.2 Conjurations
 + Level 3.2 Hexes
   Level 0.0 Charms
 + Level 3.2 Summonings
 + Level 3.2 Necromancy
 + Level 3.2 Translocations
 + Level 3.2 Transmutations
 + Level 3.2 Fire Magic
 + Level 3.2 Ice Magic
 + Level 3.2 Air Magic
 + Level 3.2 Earth Magic
 + Level 3.2 Poison Magic


You knew the following spells:

 Your Spells              Type           Power      Damage    Failure   Level
a - Beastly Appendage     Tmut           26%        N/A       4%          1
b - Wereblood             Tmut           13%        N/A       8%          2
c - Spider Form           Tmut/Pois      13%        N/A       14%         3
d - Ice Form              Ice/Tmut       13%        N/A       43%         4
e - Summon Small Mammal   Summ           52%        N/A       4%          1
f - Scorch                Fire           26%        2d6       8%          2
Your spell library was empty.

Dungeon Overview and Level Annotations

Branches:
Dungeon (3/15)

Altars:


Innate Abilities, Weirdness & Mutations

You have temporarily grown beastly horns.
You are flying.
You are immune to sickness and miasma.
You are immune to poison.
Your flesh is very heat resistant. (rF++)
You are vulnerable to cold. (rC-)
You float through the air rather than walking.
You learn spells naturally, not from books.
Your magical power is your life essence.
You have superior vitality. (+4 MHP)


Message History

Your bat closely misses the orc wizard.
Items here: )) ††.
You hit the orc wizard.
The orc wizard is moderately wounded.
Your bat barely misses the orc wizard.
Your bat misses the orc wizard. The orc wizard barely misses you.
You hit the orc wizard. Your headbutt misses the orc wizard.
The orc wizard is heavily wounded.
Your bat hits the orc wizard. The orc wizard casts a spell at you.
The magic dart hits you!
* * * LOW HITPOINT WARNING * * *
You hit the orc wizard but do no damage.
The orc wizard is heavily wounded.
Your bat hits the orc wizard but does no damage.
The orc wizard gestures wildly while chanting.
The orc wizard flickers and vanishes!
Deactivating autopickup; reactivate with Ctrl-A.
You miss something.
Your bat hits something but does no damage.
You barely miss something. Your headbutt misses something.
Your bat hits something but does no damage.
You hear some strange, mumbled words.
A magic dart appears from out of thin air!
The magic dart hits you!
* * * LOW HITPOINT WARNING * * *
It was a potion of haste.
You feel yourself speed up.
Your bat hits something but does no damage.
Your bat barely misses something.
Something hits you.
* * * LOW HITPOINT WARNING * * *
Your bat barely misses something.
You closely miss something.
Your bat hits something but does no damage.
Your bat closely misses something. x2; Something misses your bat.
Your bat hits something but does no damage. x2
Things that are here:
a +4 dagger; a +0 ring mail You barely miss something.
You headbutt something.
Your bat barely misses something.
Something hits you.
You die...

#......# #.#
#......### #.#
#......'.# #.#
##.....#.# #.#
#.....#.# #.#
#.....#.# #.#
#.....#.### #b#
#######...#####.#
##..#...@.#
#..#.###.#
#.##.###)#
#....##..#
#######.## #..
...# ..## ##.


You could see a friendly bat (summoned).

Vanquished Creatures
  3 adders
  A worm (D:2)
  3 dart slugs
  An orc (D:3)
  7 ball pythons
  5 bats
  5 endoplasms
  2 giant cockroaches
  6 goblins
  A hobgoblin (D:1)
  4 jackals (D:2)
  5 quokkas
  A frilled lizard (D:1)
  4 kobolds
  3 rats
51 creatures vanquished.

Vanquished Creatures (collateral kills)
  An adder (D:2)
  A worm (D:2)
  2 orcs (D:3)
  An endoplasm (D:3)
  A frilled lizard (D:2)
6 creatures vanquished.

Grand Total: 57 creatures vanquished

Notes
Turn   | Place    | Note
-------+----------+-------------------------------------------
     0 | D:1      | Shard1697 the Djinni Transmuter began the quest for the
                  | Orb.
     0 | D:1      | Shard1697 set off with the following spells memorised:
                  | Beastly Appendage, Wereblood, Spider Form, Ice Form.
     0 | D:1      | Reached XP level 1. HP: 17/17 MP: 0/0
   185 | D:1      | Reached XP level 2. HP: 22/22 MP: 0/0
   448 | D:1      | Reached XP level 3. HP: 21/27 MP: 0/0
   448 | D:1      | Learned a level 1 spell: Summon Small Mammal
  1005 | D:2      | Reached XP level 4. HP: 23/32 MP: 0/0
  1156 | D:2      | Reached skill level 4 in Unarmed Combat
  1511 | D:2      | Reached XP level 5. HP: 27/37 MP: 0/0
  1511 | D:2      | Learned a level 2 spell: Scorch
  1944 | D:3      | HP: 1/37 [something (1)]
  1948 | D:3      | Slain by an orc wizard

Illustrated notes

Levels and vault maps discovered:
D:1:      amcnicky_arrival_choice, layout_basic, minmay_misc_feat_enclosed,
          minivault_23, minmay_misc_feat_tower
D:2:      layout_rooms, st_stairs_2
D:3:      layout_basic, kennysheep_crisscross

Skill      XL: |  1  2  3  4 |
---------------+-------------+-----
Unarmed Combat | 4 |  4.4
Spellcasting   | 3 |  3.2
Conjurations   | 3 |  3.2
Hexes          | 3 |  3.2
Summonings     | 3 |  3.2
Necromancy     | 3 |  3.2
Translocations | 3 |  3.2
Transmutations | 3 |  3.2
Fire Magic     | 3 |  3.2
Ice Magic      | 3 |  3.2
Air Magic      | 3 |  3.2
Earth Magic    | 3 |  3.2
Poison Magic   | 3 |  3.2
Fighting       | |  1.0
Dodging        | |  2.1

Action                     |  1- 3 |  4- 6 || total
---------------------------+-------+-------++-------
  Melee: Unarmed           |   111 |   111 ||   222
         Headbutt          |     9 |    12 ||    21
         Punch             |     1 |     2 ||     3
   Cast: Beastly Appendage |    16 |    13 ||    29
         Summon Small Mamm |     1 |     8 ||     9
    Use: Scroll            |       |     1 ||     1
         Potion            |       |     1 ||     1
   Stab: Sleeping          |     1 |       ||     1
 Armour: Robe              |    35 |    11 ||    46
  Dodge: Dodged            |    83 |    56 ||   139

Table legend: (Time is in decaauts)
 A = Elapsed time spent in this place.
 B = Non-inter-level travel time spent in this place.
 C = Inter-level travel time spent in this place.
 D = Time resting spent in this place.
 E = Time spent auto-exploring this place.
 F = Levels seen in this place.
 G = Mean time per level.
                   A        B        C        D        E       F      G
               +--------+--------+--------+--------+--------+-----+--------+
         Total |   1931 |   1859 |     72 |    313 |   1042 |   3 |  643.7 |
       Dungeon |   1931 |   1859 |     72 |    313 |   1042 |   3 |  643.7 |
               +--------+--------+--------+--------+--------+-----+--------+

Top non-repeatable levels by time:
     D:1: 947 daAuts
     D:2: 816 daAuts
     D:3: 167 daAuts
